 Dungeon Crawl Stone Soup version 0.17.1-1-g73c8601 (console) character file.

6585 Kloppie the Fighter (level 10, -3/138 HPs)
             Began as a Centaur Gladiator on Dec 28, 2015.
             Was a Priest of the Shining One.
             Slain by a molten gargoyle
             ... wielding a +0 flail
              (13 damage)
             ... on level 10 of the Dungeon.
             The game lasted 00:18:50 (8974 turns).

Kloppie the Fighter (Centaur Gladiator)             Turns: 8974, Time: 00:18:50

Health: -3/138     AC: 28    Str: 18    XL:     10   Next: 71%
Magic:  10/10      EV:  1    Int:  7    God:    the Shining One [***...]
Gold:   509        SH:  0    Dex: 13    Spells: 0 memorised, 9 levels left

rFire  + . .     SeeInvis .     a - +0 broad axe
rCold  . . .     Clarity  +     (armour currently unavailable)
rNeg   + + +     SustAt   .     (no shield)
rPois  +         Gourm    .     (helmet currently unavailable)
rElec  .         Spirit   .     (cloak currently unavailable)
rCorr  .         Warding  .     (gloves currently unavailable)
rMut   .         NoTele   +     (no barding)
MR     .....                    h - amulet of clarity
Stlth  +.........               y - ring of protection from fire
                                r - +3 ring of protection

@: tree-form, glowing, not resistant to hostile enchantments, very unstealthy
A: (hooves 0), (deformed body), (speed 0), (tough skin 0)
a: Divine Shield, Renounce Religion


You were on level 10 of the Dungeon.
You worshipped the Shining One.
The Shining One was most pleased with you.
You were not hungry.
You were a tree.
You visited 1 branch of the dungeon, and saw 10 of its levels.

You collected 509 gold pieces.

Inventory:

Hand Weapons
 a - a +0 broad axe (weapon)
 b - a +0 flail
 z - a +1 war axe
Armour
 w - a +0 cloak (melded)
 B - a +2 helmet (melded)
 P - a +2 plate armour of cold resistance (melded)
Jewellery
 h - an amulet of clarity (around neck)
 r - a +3 ring of protection (left branch)
 y - a ring of protection from fire (right branch)
 C - an uncursed amulet of resist mutation
 D - an uncursed ring of sustain attributes
 G - an uncursed amulet of stasis
 J - an uncursed amulet of resist corrosion
 K - an uncursed ring of teleportation
Wands
 c - a wand of disintegration (16)
 i - a wand of slowing (24)
 A - a wand of confusion (23)
 H - a wand of slowing (18)
Scrolls
 g - 2 scrolls of enchant weapon
 l - 2 scrolls of magic mapping
 o - a scroll of enchant armour
 s - 3 scrolls of remove curse
 u - 2 scrolls of identify
 x - a scroll of fear
 E - 3 scrolls of teleportation
 I - a scroll of amnesia
Potions
 d - a potion of invisibility
 k - 2 potions of lignification
 m - 3 potions of heal wounds {unknown}
 n - 2 potions of cure mutation
 p - a potion of degeneration
 t - a potion of curing
 v - a potion of mutation
 F - a potion of magic {unknown}
 L - 2 potions of brilliance
 M - a potion of flight {unknown}
Books
 O - a book of the Warp

   Spells                             Type                      Level
   a - Recall                         Summoning/Translocation      3
   b - Gell's Gravitas                Hexes/Translocation          3
   c - Force Lance                    Conjuration/Translocation    4
   d - Phase Shift                    Translocation                5
   e - Warp Weapon                    Charms/Translocation         5
   f - Summon Forest                  Summoning/Translocation      5
 Q - a book of Battle

   Spells                             Type                      Level
   a - Infusion                       Charms                       1
   b - Shroud of Golubria             Charms/Translocation         2
   c - Song of Slaying                Charms                       2
   d - Spectral Weapon                Hexes/Charms                 3
   e - Regeneration                   Charms/Necromancy            3
Comestibles
 e - 12 bread rations
 f - 2 beef jerkies
 j - 10 slices of pizza
 q - 4 meat rations


   Skills:
 + Level 9.7 Fighting
 + Level 9.2 Axes
 - Level 2.1 Throwing
 + Level 4.3 Armour
 - Level 6.0 Dodging


You had 9 spell levels left.
You didn't know any spells.

Dungeon Overview and Level Annotations

Branches:
Dungeon (10/15)            Temple (0/1) D:5            Lair (0/8) D:9
    Orc (0/4) D:10

Altars:
Elyvilon
Kikubaaqudgha
Okawaru
Vehumet
Xom
The Shining One

Shops:
D:6 [

Portals:
Trove: D:10 (give +4 demon whip)

Annotations:
D:4 Edmund


Innate Abilities, Weirdness & Mutations

((You have hooves in place of feet.))
((Armour fits poorly on your strangely shaped body.))
((You cover ground very quickly.))
((You have extremely tough skin (AC +3).))


Message History

The molten gargoyle hits you with a flail!
* * * LOW HITPOINT WARNING * * *
You are engulfed in flames.
You resist.
* * * LOW HITPOINT WARNING * * *
Drink which item? (? for menu, Esc to quit)
You feel better.
The molten gargoyle hits you with a flail!
* * * LOW HITPOINT WARNING * * *
You are engulfed in flames.
You resist.
* * * LOW HITPOINT WARNING * * *
Drink which item? (? for menu, Esc to quit)
You turn into a tree.
Your +0 cloak melds into your body.
Your +2 helmet melds into your body.
Your +2 plate armour of cold resistance melds into your body.
You feel less resistant to cold.
Your roots penetrate the ground.
The molten gargoyle hits you but does no damage.
You hit the molten gargoyle.
The molten gargoyle is lightly damaged.
The molten gargoyle hits you with a flail!
You die...

#.# #....#.#.
#.# #####.#.#.
#.# #.......##
#.# #.###.###
#.# #.#...# #.#
#.###.# #.# #.#
#.# ####.####.#
#.# #♣##......#
#.# #9#########
#.# #.# #.# #.#
#.#
#.###########.#
#.............#
#############.#
###


You could see a molten gargoyle.

Vanquished Creatures
  The ghost of kenwiel the Spear-Bearer, a novice DsFi of Okawaru (D:8)
  An unseen horror (D:10)
  A molten gargoyle (D:9)
  A deep elf mage (D:8)
  6 yaks (D:10)
  A wraith (D:10)
  A human (D:7)
  A hungry ghost (D:10)
  3 wargs (D:10)
  2 sky beasts
  2 necrophages
  3 orc warriors
  A phantom (D:10)
  4 ice beasts
  A black bear (D:9)
  3 centaurs
  8 giant frogs
  3 big kobolds
  A scorpion (D:4)
  A water moccasin skeleton (D:10)
  2 crimson imps
  A centaur zombie (D:7)
  A centaur skeleton (D:8)
  An orc priest (D:9)
  A giant frog skeleton (D:5)
  A gnoll shaman (D:10)
  4 jellies
  An orc wizard (D:9)
  5 hounds
  3 iguanas
  5 worker ants
  4 sheep (D:7)
  3 hound zombies
  2 hound skeletons
  2 worker ant zombies
  9 adders
  3 gnolls (D:10)
  4 shadow imps
  2 oozes
  An adder zombie (D:5)
  2 worms
  23 orcs
  A giant cockroach (D:2)
  7 goblins
  4 hobgoblins
  2 quokkas
  2 ball pythons
  11 bats
  9 giant geckos
  4 giant newts
  2 jackals (D:3)
  A jackal skeleton (D:6)
  22 kobolds
  A quokka skeleton (D:8)
  3 rats
194 creatures vanquished.

Vanquished Creatures (others)
  A giant gecko zombie (D:7)
  3 plants (D:9)
4 creatures vanquished.

Grand Total: 198 creatures vanquished

Notes
Turn   | Place    | Note
--------------------------------------------------------------
     0 | D:1      | Kloppie the Centaur Gladiator began the quest for the Orb.
     0 | D:1      | Reached XP level 1. HP: 17/17 MP: 1/1
   290 | D:1      | Found a glowing golden altar of the Shining One.
   348 | D:1      | Reached XP level 2. HP: 24/24 MP: 2/2
   446 | D:1      | Became a worshipper of the Shining One
   515 | D:1      | Reached skill level 3 in Axes
  1000 | D:2      | Found a faded altar to an unknown god.
  1091 | D:2      | Reached XP level 3. HP: 8/30 MP: 3/3
  1733 | D:3      | Reached XP level 4. HP: 36/38 MP: 4/4
  2203 | D:4      | Noticed Edmund
  2240 | D:4      | Reached XP level 5. HP: 39/45 MP: 5/5
  2246 | D:5      | Entered Level 5 of the Dungeon
  2246 | D:5      | Found a staircase to the Ecumenical Temple.
  2251 | D:5      | Found an iron altar of Okawaru.
  2266 | D:5      | Reached skill level 4 in Axes
  2527 | D:5      | Found a shimmering altar of Xom.
  2675 | D:5      | Reached XP level 6. HP: 52/52 MP: 6/6
  2816 | D:5      | Noticed an ice beast
  2824 | D:5      | Killed an ice beast
  2842 | D:5      | Noticed an ice beast
  2842 | D:5      | Reached * piety under the Shining One
  3004 | D:5      | Killed an ice beast
  3140 | D:5      | Noticed a centaur
  3142 | D:5      | Noticed an ogre
  3151 | D:5      | Reached XP level 7. HP: 57/60 MP: 7/7
  3175 | D:5      | Noticed a sky beast
  3192 | D:5      | Killed a sky beast
  3192 | D:5      | Reached skill level 5 in Fighting
  3192 | D:5      | Reached skill level 5 in Axes
  3245 | D:5      | Got a bone halberd
  3246 | D:5      | Identified the cursed +0 halberd "Tattletale" {pain, rElec rC++ MR+} (You found it on level 5 of the Dungeon)
  3461 | D:5      | HP: 1/61 [centaur/arrow (5)]
  3799 | D:6      | Found Usaq Jay's Antique Armour Emporium.
  4342 | D:6      | Identified a -2 rod of clouds (14/14) (You found it on level 6 of the Dungeon)
  4449 | D:7      | Reached ** piety under the Shining One
  4546 | D:7      | Reached XP level 8. HP: 46/70 MP: 8/8
  4923 | D:7      | Noticed a human
  4932 | D:7      | Killed a human
  4932 | D:7      | Reached skill level 6 in Fighting
  5013 | D:7      | Reached skill level 5 in Dodging
  5598 | D:8      | Noticed kenwiel's ghost (novice DsFi)
  5616 | D:8      | Killed kenwiel's ghost
  5616 | D:8      | Reached skill level 7 in Fighting
  5616 | D:8      | Reached XP level 9. HP: 52/78 MP: 9/9
  5938 | D:8      | Found a radiant altar of Vehumet.
  5938 | D:8      | Found a white marble altar of Elyvilon.
  6461 | D:8      | Reached skill level 8 in Fighting
  6461 | D:8      | Reached skill level 1 in Armour
  6597 | D:9      | Found an ancient bone altar of Kikubaaqudgha.
  6971 | D:9      | Reached *** piety under the Shining One
  6985 | D:9      | Noticed a molten gargoyle
  6987 | D:9      | Noticed a molten gargoyle
  6990 | D:9      | Killed a molten gargoyle
  6996 | D:9      | Noticed a molten gargoyle
  7137 | D:9      | Found a staircase to the Lair.
  7168 | D:9      | HP: 1/82 [molten gargoyle/bolt of magma (18)]
  7179 | D:10     | Entered Level 10 of the Dungeon
  7465 | D:10     | Found a staircase to the Orcish Mines.
  7476 | D:10     | Reached XP level 10. HP: 26/90 MP: 10/10
  7842 | D:10     | Noticed an unseen horror
  7853 | D:10     | Killed an unseen horror
  7853 | D:10     | Reached skill level 9 in Fighting
  8523 | D:10     | Found a portal to a secret trove of treasure.
  8960 | D:9      | Noticed a molten gargoyle
  8974 | D:10     | Slain by a molten gargoyle

Action                   |  1- 3 |  4- 6 |  7- 9 | 10-12 || total
-------------------------+-------+-------+-------+-------++-------
Melee: War axe           |   108 |   106 |   363 |    90 ||   667
       Broad axe         |       |       |       |    78 ||    78
Throw: Throwing net      |     5 |     1 |       |       ||     6
       Stone             |       |    17 |     3 |       ||    20
Evoke: Wand              |       |       |     6 |       ||     6
  Use: Potion            |     1 |       |     4 |     4 ||     9
       Scroll            |       |       |    21 |     1 ||    22
 Stab: Distracted        |       |       |     1 |       ||     1
  Eat: Chunk             |     1 |     3 |    11 |     6 ||    21
       Beef jerky        |       |     1 |       |     2 ||     3
